 Dungeon Crawl Stone Soup version 0.17-a0-1773-ged48617 (webtiles) character file.

173 Eucla the Skirmisher (level 5, 0/34 HPs)
             Began as a Gargoyle Monk on Apr 9, 2016.
             Slain by an ogre
             ... wielding a +0 giant club
              (12 damage)
             ... on level 3 of the Dungeon.
             The game lasted 00:03:44 (2427 turns).

Eucla the Skirmisher (Gargoyle Monk)                Turns: 2427, Time: 00:03:44

Health: 0/34       AC:  9    Str: 15    XL:     5   Next: 53%
Magic:  5/5        EV: 12    Int: 10    God:
Gold:   132        SH:  0    Dex: 13    Spells: 0 memorised, 4 levels left

rFire  . . .     SeeInvis .     e - +0 hand axe
rCold  . . .     Clarity  .     m - +0 ring mail (curse)
rNeg   + . .     SustAt   .     (no shield)
rPois  ∞         Gourm    .     (no helmet)
rElec  +         Spirit   .     (no cloak)
rCorr  .         Warding  .     (no gloves)
rMut   .         Stasis   .     (no boots)
MR     .....                    (no amulet)
Stlth  +.........               (no ring)
                                (no ring)

@: not resistant to hostile enchantments, very unstealthy
A: negative energy resistance 1, electricity resistance, unbreathing,
petrification resistance, rot immunity, AC +4
a: no special abilities


You were on level 3 of the Dungeon.
You were not hungry.

You visited 1 branch of the dungeon, and saw 3 of its levels.

You collected 132 gold pieces.

Inventory:

Hand weapons
 e - a +0 hand axe (weapon)
Armour
 a - a +0 robe
 c - a +2 chain mail of fire resistance
 m - a cursed +0 ring mail (worn)
Magical devices
 j - a wand of slowing (20)
Scrolls
 g - 2 scrolls of fog
 h - a scroll of amnesia
 i - a scroll of enchant armour
 l - a scroll of magic mapping
Potions
 d - a potion of flight
 q - a potion of curing
Comestibles
 b - 5 bread rations
 f - 4 meat rations


   Skills:
 + Level 4.6 Fighting
 + Level 0.0 Axes
 + Level 3.1 Armour
 + Level 3.4 Dodging
 - Level 2.1 Stealth
 - Level 4.0 Unarmed Combat


You had 4 spell levels left.
You didn't know any spells.

Dungeon Overview and Level Annotations

Branches:
Dungeon (3/15)

Altars:

Annotations:
D:3 Reign's ghost, average DsGl


Innate Abilities, Weirdness & Mutations

You are resistant to torment.
Your stone body is resilient (AC +4).
You are immune to poison.
You resist negative energy.
You are resistant to electric shocks.
You can survive without breathing.
You are immune to petrification.
You are immune to rotting.


Message History

No target in view!
You now have 132 gold pieces (gained 15).
A giant newt comes into view.
An ogre comes into view. It is wielding a giant club.
There are monsters nearby!
The ogre barely misses you.
There are monsters nearby!
You hit the ogre.
The ogre is lightly wounded.
The ogre hits you with a giant club!
There are monsters nearby!
You hit the ogre.
The ogre is lightly wounded.
The ogre completely misses you.
You hit the ogre.
The ogre is moderately wounded.
The ogre closely misses you.
Unknown command.
The ogre hits you with a giant club!
You die...

...# #.#
...## #.#
....## #.#
.....## #.#
...#..# #.#
..###.#####
#.# (##
#.....# #.#
## #####.##
#.#
#..#####@#
##....#.O#
####...#l#
####[.>...
....##
....#
......
#.#### ##


You could see an ogre and a giant newt.

Vanquished Creatures
  A scorpion (D:3)
  Terence (D:2)
  4 adders (D:2)
  A worm (D:2)
  4 giant geckos
  4 orcs (D:3)
  2 giant cockroaches (D:1)
  4 hobgoblins
  3 jackals (D:2)
  A ball python (D:2)
  7 bats
  A giant newt (D:2)
  7 goblins
  7 kobolds
  7 rats
54 creatures vanquished.

Notes
Turn   | Place    | Note
--------------------------------------------------------------
     0 | D:1      | Eucla the Gargoyle Monk began the quest for the Orb.
     0 | D:1      | Reached XP level 1. HP: 14/14 MP: 1/1
   311 | D:1      | Reached XP level 2. HP: 16/19 MP: 2/2
   315 | D:1      | Reached skill level 1 in Armour
  1049 | D:2      | Reached XP level 3. HP: 22/24 MP: 3/3
  1561 | D:2      | Noticed Terence
  1582 | D:2      | Reached XP level 4. HP: 15/29 MP: 4/4
  1604 | D:2      | Killed Terence
  1925 | D:3      | Noticed Reign's ghost (average DsGl)
  2363 | D:3      | Reached XP level 5. HP: 17/34 MP: 5/5
  2420 | D:3      | Noticed an ogre
  2427 | D:3      | Slain by an ogre

Vault maps used:
D:1:      scummos_arrival_forest, grunt_decor_arrowhead
D:2:      minmay_misc_feat_x, uniq_terence
D:3:      uniq_jessica

Action                   |  1- 3 |  4- 6 || total
-------------------------+-------+-------++-------
Melee: Unarmed           |   134 |   127 ||   261
       Hand axe          |       |     5 ||     5
  Use: Scroll            |       |     7 ||     7
       Potion            |       |     7 ||     7
 Stab: Sleeping          |     2 |     1 ||     3
